% Time on Ice - CALGARY FIREMEN
Lines # - Real PCT - Wanted PCT - Time Play
Normal Forward
1 - 31% - 34% - 14:35
2 - 28% - 31% - 13:23
3 - 24% - 25% - 11:34
4 - 17% - 10% - 8:08
Normal Defense
1 - 33% - 34% - 15:37
2 - 32% - 31% - 15:20
3 - 29% - 25% - 13:59
4 - 6% - 10% - 2:44
PP Forward
1 - 0% - 55%
2 - 0% - 45%
PP Defense
1 - 0% - 55%
2 - 0% - 45%
PK Forward
1 - 64% - 55% - 5:37
2 - 36% - 45% - 3:11
PK Defense
1 - 51% - 55% - 4:29
2 - 49% - 45% - 4:19
PK3 Forward
1 - 57% - 55% - 0:53
2 - 43% - 45% - 0:40
PK3 Defense
1 - 48% - 55% - 0:45
2 - 52% - 45% - 0:48
44 Forward
1 - 61% - 55% - 1:12
2 - 39% - 45% - 0:47
44 Defense
1 - 56% - 55% - 1:07
2 - 44% - 45% - 0:52
Last Minute Offensive  - 0:00
Last Minute Defensive  - 0:00
Total
Forward - 60:00
Defense - 60:00
% Time on Ice - EDMONTON ICE
Lines # - Real PCT - Wanted PCT - Time Play
Normal Forward
1 - 36% - 36% - 16:59
2 - 33% - 33% - 15:40
3 - 23% - 24% - 10:57
4 - 9% - 7% - 4:04
Normal Defense
1 - 37% - 37% - 17:38
2 - 29% - 32% - 13:39
3 - 26% - 23% - 12:32
4 - 8% - 8% - 3:51
PP Forward
1 - 55% - 60% - 5:44
2 - 45% - 40% - 4:37
PP Defense
1 - 57% - 60% - 5:56
2 - 43% - 40% - 4:25
PK Forward
1 - 0% - 60%
2 - 0% - 40%
PK Defense
1 - 0% - 60%
2 - 0% - 40%
PK3 Forward
1 - 0% - 55%
2 - 0% - 45%
PK3 Defense
1 - 0% - 55%
2 - 0% - 45%
44 Forward
1 - 65% - 55% - 1:17
2 - 35% - 45% - 0:42
44 Defense
1 - 50% - 55% - 0:59
2 - 50% - 45% - 1:00
Last Minute Offensive  - 0:00
Last Minute Defensive  - 0:00
Total
Forward - 60:00
Defense - 60:00
Play-by-Play 1st period 0:01 of 1st period - Filip Forsberg wins face-off versus Jack Eichel in neutral zone. 0:31 of 1st period - Shot by Filip Forsberg. 0:31 of 1st period - Shot Misses the Net. 0:33 of 1st period - Shot by Mattias Janmark-Nylen. 0:33 of 1st period - Shot Blocked by Jack Eichel. 1:14 of 1st period - Shot by Evgeny Dadonov. 1:14 of 1st period - Stopped by Samuel Ersson with a rebound. 1:16 of 1st period - Shot by Scott Laughton. 1:16 of 1st period - Deflect By Evgeny Dadonov. 1:16 of 1st period - Stopped by Samuel Ersson without a rebound. 1:17 of 1st period - Yakov Trenin wins face-off versus Anthony Beauvillier in CALGARY FIREMEN zone. 1:45 of 1st period - Shot by Sonny Milano. 1:45 of 1st period - Deflect By Yakov Trenin. 1:45 of 1st period - Shot Blocked by Dawson Mercer. 1:47 of 1st period - Shot by Yakov Trenin. 1:47 of 1st period - Stopped by Jonathan Quick without a rebound. 1:48 of 1st period - Thomas Novak wins face-off versus Brett Howden in EDMONTON ICE zone. 1:48 of 1st period - Thomas Novak is hit by Brett Howden. 1:53 of 1st period - Minor Penalty to Brett Howden for Hooking. 1:54 of 1st period - Jack Eichel wins face-off versus Filip Forsberg in CALGARY FIREMEN zone. 2:19 of 1st period - Shot by Jack Eichel. 2:19 of 1st period - Stopped by Samuel Ersson without a rebound. 2:19 of 1st period - Minor Penalty to Samuel Ersson for Slashing. 2:20 of 1st period - Dawson Mercer wins face-off versus Filip Forsberg in CALGARY FIREMEN zone. 3:23 of 1st period - Shot by Alex Tuch. 3:23 of 1st period - Shot Blocked by Jake McCabe. 3:35 of 1st period - Shot by Alex Tuch. 3:35 of 1st period - Stopped by Samuel Ersson without a rebound. 3:36 of 1st period - Jack Eichel wins face-off versus Ryan Johansen in CALGARY FIREMEN zone. 3:37 of 1st period - Shot by Michael Matheson. 3:37 of 1st period - Stopped by Samuel Ersson without a rebound. 3:38 of 1st period - Jack Eichel wins face-off versus Ryan Johansen in CALGARY FIREMEN zone. 4:11 of 1st period - Shot by Jack Eichel. 4:11 of 1st period - Shot Blocked by Jake McCabe. 4:13 of 1st period - Shot by Jack Eichel. 4:13 of 1st period - Shot Blocked by Jake McCabe. 4:15 of 1st period - Shot by Alex Tuch. 4:15 of 1st period - Stopped by Samuel Ersson without a rebound. 4:16 of 1st period - Dawson Mercer wins face-off versus Filip Forsberg in CALGARY FIREMEN zone. 4:19 of 1st period - Shot by Scott Laughton. 4:19 of 1st period - Shot Misses the Net. 4:21 of 1st period - Shot by Jarred Tinordi. 4:21 of 1st period - Shot Misses the Net. 4:22 of 1st period - Minor Penalty to Scott Laughton for Tripping. 4:22 of 1st period - Minor Penalty to Andrej Sustr for Holding. 4:23 of 1st period - Dawson Mercer wins face-off versus Filip Forsberg in CALGARY FIREMEN zone. 4:24 of 1st period - Shot by Gustav Nyquist. 4:24 of 1st period - Stopped by Samuel Ersson without a rebound. 4:25 of 1st period - Dawson Mercer wins face-off versus Filip Forsberg in CALGARY FIREMEN zone. 4:40 of 1st period - Shot by Filip Forsberg. 4:40 of 1st period - Stopped by Jonathan Quick without a rebound. 4:41 of 1st period - Dawson Mercer wins face-off versus Filip Forsberg in EDMONTON ICE zone. 4:43 of 1st period - Icing by Michael Matheson. 4:44 of 1st period - Filip Forsberg wins face-off versus Dawson Mercer in EDMONTON ICE zone. 4:45 of 1st period - Shot by Ryan Johansen. 4:45 of 1st period - Stopped by Jonathan Quick without a rebound. 4:46 of 1st period - Dawson Mercer wins face-off versus Filip Forsberg in EDMONTON ICE zone. 4:46 of 1st period - Dawson Mercer is hit by Ryan Johansen. 5:20 of 1st period - Shot by Filip Forsberg. 5:20 of 1st period - Deflect By Ryan Johansen. 5:20 of 1st period - Shot Hit the Post. 5:22 of 1st period - Shot by Jamie Oleksiak. 5:22 of 1st period - Shot Misses the Net. 5:39 of 1st period - Off-side. 5:40 of 1st period - Thomas Novak wins face-off versus Jakob Silfverberg in neutral zone. 5:51 of 1st period - Shot by Thomas Novak. 5:51 of 1st period - Stopped by Samuel Ersson without a rebound. 5:52 of 1st period - Jakob Silfverberg wins face-off versus Thomas Novak in CALGARY FIREMEN zone. 6:20 of 1st period - Shot by Mattias Janmark-Nylen. 6:20 of 1st period - Shot Blocked by Jarred Tinordi. 6:36 of 1st period - Shot by Ryan Graves. 6:36 of 1st period - Stopped by Samuel Ersson without a rebound. 6:37 of 1st period - Ryan Johansen wins face-off versus Jack Eichel in CALGARY FIREMEN zone. 6:37 of 1st period - Jake McCabe is hit by Alex Tuch and loses puck. 6:43 of 1st period - Icing by Mason Marchment. 6:44 of 1st period - Ryan Johansen wins face-off versus Jack Eichel in CALGARY FIREMEN zone. 6:44 of 1st period - Ryan Johansen is hit by Gustav Nyquist. 6:59 of 1st period - Mason Marchment is hit by Jack Eichel and loses puck. 7:12 of 1st period - Shot by Alex Tuch. 7:12 of 1st period - Shot Misses the Net. 7:14 of 1st period - Shot by Ryan Graves. 7:14 of 1st period - Shot Blocked by Jamie Oleksiak. 7:22 of 1st period - Shot by Jack Eichel. 7:22 of 1st period - Shot Blocked by Jamie Oleksiak. 8:13 of 1st period - Minor Penalty to Mason Marchment for Hooking. 8:14 of 1st period - Jack Eichel wins face-off versus Jakob Silfverberg in CALGARY FIREMEN zone. 8:24 of 1st period - Off-side. 8:25 of 1st period - Dawson Mercer wins face-off versus Jakob Silfverberg in neutral zone. 8:59 of 1st period - Shot by Gustav Nyquist. 8:59 of 1st period - Shot Blocked by Filip Forsberg. 9:01 of 1st period - Shot by Scott Laughton. 9:01 of 1st period - Deflect By Gustav Nyquist. 9:01 of 1st period - Shot Misses the Net. 10:01 of 1st period - Brett Howden is hit by Connor Carrick and loses puck. 10:07 of 1st period - Dawson Mercer is hit by Nikita Zadorov and loses puck. 10:16 of 1st period - Icing by Colton White. 10:17 of 1st period - Thomas Novak wins face-off versus Yakov Trenin in CALGARY FIREMEN zone. 11:54 of 1st period - Off-side. 11:55 of 1st period - Dawson Mercer wins face-off versus Filip Forsberg in neutral zone. 12:14 of 1st period - Shot by Anthony Beauvillier. 12:14 of 1st period - Goal by Anthony Beauvillier - CALGARY FIREMEN : 0 - EDMONTON ICE : 1. 12:15 of 1st period - Jack Eichel wins face-off versus Yakov Trenin in neutral zone. 12:34 of 1st period - Shot by Sonny Milano. 12:34 of 1st period - Stopped by Jonathan Quick without a rebound. 12:35 of 1st period - Dawson Mercer wins face-off versus Filip Forsberg in EDMONTON ICE zone. 12:58 of 1st period - Shot by Jakob Silfverberg. 12:58 of 1st period - Shot Misses the Net. 13:30 of 1st period - Shea Theodore is hit by Brett Howden and loses puck. 13:46 of 1st period - Evgeny Dadonov is hit by Jordan Oesterle and loses puck. 13:49 of 1st period - Shot by Scott Laughton. 13:49 of 1st period - Shot Blocked by Jordan Oesterle. 13:51 of 1st period - Shot by Michael Matheson. 13:51 of 1st period - Shot Blocked by Nikita Zadorov. 13:59 of 1st period - Shot by Thomas Novak. 13:59 of 1st period - Stopped by Samuel Ersson with a rebound. 14:01 of 1st period - Shot by Thomas Novak. 14:01 of 1st period - Goal by Thomas Novak - CALGARY FIREMEN : 0 - EDMONTON ICE : 2. 14:02 of 1st period - Jack Eichel wins face-off versus Yakov Trenin in neutral zone. 14:17 of 1st period - Shot by Alex Tuch. 14:17 of 1st period - Stopped by Samuel Ersson with a rebound. 15:08 of 1st period - Shot by Anthony Beauvillier. 15:08 of 1st period - Stopped by Samuel Ersson with a rebound. 15:10 of 1st period - Shot by Dawson Mercer. 15:10 of 1st period - Shot Blocked by Jake McCabe. 17:07 of 1st period - Shot by Alex Tuch. 17:07 of 1st period - Shot Misses the Net. 17:52 of 1st period - Shot by Brett Howden. 17:52 of 1st period - Stopped by Jonathan Quick with a rebound. 17:54 of 1st period - Shot by Jordan Oesterle. 17:54 of 1st period - Shot Hit the Post. 18:40 of 1st period - Shot by Filip Forsberg. 18:40 of 1st period - Stopped by Jonathan Quick without a rebound. 18:41 of 1st period - Ryan Johansen wins face-off versus Scott Laughton in EDMONTON ICE zone. 18:42 of 1st period - Shot by Mason Marchment. 18:42 of 1st period - Stopped by Jonathan Quick without a rebound. 18:43 of 1st period - Thomas Novak wins face-off versus Brett Howden in EDMONTON ICE zone. 19:13 of 1st period - Icing by Jamie Oleksiak. 19:14 of 1st period - Brett Howden wins face-off versus Jack Eichel in CALGARY FIREMEN zone. 19:32 of 1st period - Minor Penalty to Mattias Janmark-Nylen for Holding. 19:33 of 1st period - Filip Forsberg wins face-off versus Dawson Mercer in CALGARY FIREMEN zone. 19:57 of 1st period - Shot by Shea Theodore. 19:57 of 1st period - Stopped by Samuel Ersson without a rebound. 19:58 of 1st period - Alex Tuch wins face-off versus Jakob Silfverberg in CALGARY FIREMEN zone. Goals for this period are 0 for CALGARY FIREMEN vs 2 for EDMONTON ICE. Shots for this period are 7 for CALGARY FIREMEN vs 15 for EDMONTON ICE. 2nd period 0:01 of 2nd period - Jack Eichel wins face-off versus Filip Forsberg in neutral zone. 0:21 of 2nd period - Icing by Shea Theodore. 0:22 of 2nd period - Jakob Silfverberg wins face-off versus Jack Eichel in EDMONTON ICE zone. 0:27 of 2nd period - Shot by Brett Howden. 0:27 of 2nd period - Shot Blocked by Michael Matheson. 0:47 of 2nd period - Shot by Jack Eichel. 0:47 of 2nd period - Stopped by Samuel Ersson with a rebound. 0:49 of 2nd period - Shot by Shea Theodore. 0:49 of 2nd period - Shot Misses the Net. 0:57 of 2nd period - Sh